 Dungeon Crawl Stone Soup version 0.32-a0-791-gfc315c9ecd (webtiles) character file.

Game seed: 531377034676912334

1220 Ajdolov the Skirmisher (level 8, -4/62 HPs)
             Began as a Coglin Hunter on Mar 20, 2024.
             Shot with an arrow by a centaur (9 damage)
             ... on level 5 of the Dungeon.
             The game lasted 00:08:53 (3825 turns).

Ajdolov the Skirmisher (Coglin Hunter)              Turns: 3825, Time: 00:08:54

Health: -4/62      AC:  3    Str: 11    XL:     8   Next: 47%
Magic:  8/8        EV: 11    Int: 10    God:
Gold:   134        SH:  0    Dex: 19    Spells: 7/7 levels left

rFire   . . .        a - +2 sling {Wira}
rCold   . . .        d - +0 sling {Ashmeen}
rNeg    . . .        j - +0 troll leather armour
rPois   .            (no helmet)
rElec   .            (no cloak)
rCorr   .            (no gloves)
SInv    .            (no boots)
Will    .....        (amulet unavailable)
Stlth   ++           (ring unavailable)
HPRegen 1.10/turn    (ring unavailable)
MPRegen 0.11/turn    (no gizmo)

%: no passive effects
@: revving
A: off-hand wielding, slow wielding, warmup strikes, no jewellery
a: Invent Gizmo


You were on level 5 of the Dungeon.
You visited 1 branch of the dungeon, and saw 5 of its levels.

You collected 134 gold pieces.

Inventory:

Hand Weapons
 a - a +2 sling (weapon) {Wira}
 d - a +0 sling (offhand) {Ashmeen}
Armour
 j - a +0 troll leather armour (worn)
Wands
 o - a wand of flame (16)
Scrolls
 c - a scroll of blinking {unknown}
 g - a scroll of vulnerability {unknown}
 i - 7 scrolls of identify
 p - a scroll of poison {unknown}
Potions
 e - a potion of haste {unknown}
 f - 2 potions of lignification {unknown}
 h - a potion of mutation {unknown}
 l - a potion of heal wounds
 m - 3 potions of curing {unknown}
 n - a potion of enlightenment {unknown}


   Skills:
 - Level 5.0 Fighting
 * Level 8.9 Ranged Weapons
 - Level 1.7 Dodging
 - Level 0.7 Stealth


You had 7 spell levels left.
You didn't know any spells.
Your spell library contained the following spells:

 Spells                   Type           Power      Damage    Failure   Level
 Apportation              Tloc           0%         N/A       45%         1
 Slow                     Hex            0%         N/A       45%         1
 Jinxbite                 Hex            0%         N/A       58%         2
 Mercury Vapours          Alch/Air       0%         N/A       58%         2
 Confusing Touch          Hex            0%         N/A       83%         3
 Mephitic Cloud           Conj/Alch/Air  0%         N/A       83%         3
 Vampiric Draining        Necr           0%         2d6       83%         3
 Alistair's Intoxication  Alch           0%         N/A       100%        5
 Freezing Cloud           Conj/Ice/Air   0%         6-21      100%        5


Dungeon Overview and Level Annotations

Branches:
Dungeon (5/15)
 Temple: D:4-7

Altars:
Ashenzari
Makhleb
Nemelex Xobeh
Uskayaw
Vehumet
Wu Jian
Xom
Zin
The Shining One

Shops:
D:2 =[=(   D:4 [

Annotations:
D:2 Terence
D:4 Edmund


Innate Abilities, Weirdness & Mutations

You can wield a second weapon in your off-hand.
It takes a long time for you to wield or remove held weapons.
Your first few attacks do less damage.
You cannot equip rings or amulets.


Message History

Unknown command.
No target in view!
No target in view!
Unknown command.
Things that are here:
an adder corpse; a howler monkey corpse A centaur comes into view.
Found a stone staircase leading up.
The centaur shouts!
Things that are here:
an adder corpse; a howler monkey corpse The centaur wields a +0 orcbow.
The centaur shoots an arrow.
The arrow hits you!
You see here a +0 chain mail.
The centaur shoots an arrow.
The arrow hits you!
The centaur shoots an arrow.
The arrow hits you!
The centaur shoots an arrow.
The arrow hits you!
The centaur shoots an arrow.
The arrow hits you.
The centaur shoots an arrow.
The arrow hits you!
The centaur shoots an arrow.
The arrow barely misses you.
The centaur shoots an arrow.
The arrow closely misses you.
The centaur shoots an arrow.
The arrow hits you!
* * * LOW HITPOINT WARNING * * *
You hear an angry hiss.
You shoot a sling bullet.
The sling bullet barely misses the centaur.
The sling bullet hits the ogre.
The ogre is lightly wounded.
You shoot a sling bullet. The sling bullet hits the centaur.
The centaur is moderately wounded.
The centaur shoots an arrow.
The arrow closely misses you.
You shoot a sling bullet. The sling bullet hits the centaur.
The centaur is moderately wounded.
You shoot a sling bullet.
The sling bullet completely misses the centaur.
The sling bullet completely misses the ogre.
The centaur shoots an arrow.
The arrow hits you!
* * * LOW HITPOINT WARNING * * *
The centaur shoots an arrow.
The arrow hits you!
You die...

#)### #<##.# #.
#)).###########.##.#####.
#........................
#†#....###.############.#
#.####.###.# #.# #.#
#.#...# #.# #.# #.#.###
#.. #.# #.#.# ### #.#
#.#@# #.# #.#.# #.#
##.#.# #.###.#..#
#....###.# #####.#..#
##.#c# # #.#O### ##
#...[.# #.


You could see an ogre and a centaur.

Vanquished Creatures
  Sigmund (D:4)
  A water moccasin (D:5)
  An ogre (D:4)
  A phantom (D:3)
  2 scorpions
  2 howler monkeys (D:5)
  A crimson imp (D:4)
  A bombardier beetle (D:5)
  A gnoll bouda (D:5)
  3 orc priests (D:3)
  A sleepcap (D:4)
  An iguana (D:4)
  An orc wizard (D:3)
  13 gnolls
  10 adders
  3 white imps (D:5)
  3 ribbon worms
  4 dart slugs
  14 orcs
  5 bats
  6 endoplasms
  2 giant cockroaches
  6 goblins
  9 hobgoblins
  3 jackals (D:4)
  2 kobolds (D:1)
  3 quokkas
  9 ball pythons
  2 frilled lizards (D:1)
  5 rats
116 creatures vanquished.

Notes
Turn   | Place    | Note
-------+----------+-------------------------------------------
     0 | D:1      | Ajdolov the Coglin Hunter began the quest for the Orb.
     0 | D:1      | Reached XP level 1. HP: 16/16 MP: 1/1
   148 | D:1      | Reached XP level 2. HP: 23/23 MP: 2/2
   402 | D:2      | Reached XP level 3. HP: 29/29 MP: 3/3
   546 | D:2      | Found Wiriur's Jewellery Shoppe.
   574 | D:2      | Noticed Terence
   683 | D:2      | Found Askad's Weapon Boutique.
   735 | D:2      | Reached XP level 4. HP: 37/37 MP: 4/4
   784 | D:2      | Noticed Sigmund
   850 | D:2      | Found Qafu's Antique Armour Boutique.
  1106 | D:3      | Reached skill level 5 in Fighting
  1106 | D:3      | Reached XP level 5. HP: 44/44 MP: 5/5
  1119 | D:3      | Found a glowing silver altar of Zin.
  1140 | D:3      | Noticed a phantom
  1304 | D:2      | Found Ulelyifin's Jewellery Boutique.
  1613 | D:3      | Reached skill level 4 in Ranged Weapons
  1988 | D:3      | Found a hide-covered altar of Uskayaw.
  1995 | D:3      | Reached skill level 5 in Ranged Weapons
  1995 | D:3      | Reached XP level 6. HP: 25/51 MP: 6/6
  2046 | D:3      | Noticed a +0 falchion
  2052 | D:3      | Noticed a +0 falchion
  2052 | D:3      | Noticed a +0 short sword
  2053 | D:3      | Noticed a +0 short sword
  2054 | D:3      | Noticed a +0 spear
  2055 | D:3      | Noticed a +0 spear
  2055 | D:3      | Noticed a +0 dagger
  2055 | D:3      | Noticed a +0 dagger
  2221 | D:3      | Found a radiant altar of Vehumet.
  2221 | D:3      | Found a faded altar of an unknown god.
  2229 | D:3      | Found a broken altar of Ashenzari.
  2231 | D:3      | Found a glowing golden altar of the Shining One.
  2234 | D:3      | Found an ornate altar of the Wu Jian Council.
  2387 | D:4      | Found a burning altar of Makhleb.
  2388 | D:4      | Found a shimmering altar of Xom.
  2395 | D:4      | Reached skill level 6 in Ranged Weapons
  2429 | D:4      | Reached XP level 7. HP: 53/56 MP: 7/7
  2481 | D:4      | Found Erche Timm's Armour Emporium.
  2522 | D:4      | Killed Sigmund
  2577 | D:4      | Reached skill level 7 in Ranged Weapons
  2844 | D:4      | Noticed Edmund
  3073 | D:4      | Found a sparkling altar of Nemelex Xobeh.
  3247 | D:5      | Entered Level 5 of the Dungeon
  3337 | D:5      | Reached skill level 8 in Ranged Weapons
  3337 | D:5      | Reached XP level 8. HP: 11/62 MP: 8/8
  3825 | D:5      | Shot with an arrow by a centaur

Illustrated notes

Levels and vault maps discovered:
D:1:      ebering_trefoil_3fold, layout_basic, corexii_corridor_pit
D:2:      layout_loops_ring, serial_shops, nicolae_shop_rolling_square,
          nicolae_shop_gaudy_bauble, shop, shop, uniq_sigmund, uniq_terence
D:3:      layout_loops_ring, mainiacjoe_overflow_chevrons,
          chequers_temple_overflow_minitemple, nicolae_uskayaw_en_pointe,
          minmay_circle_x
D:4:      minmay_general_purpose_star, layout_basic,
          grunt_temple_overflow_champion_of_chaos,
          mainiacjoe_overflow_surrounded_room, serial_shops,
          nicolae_take_the_stairs, uniq_edmund
D:5:      layout_loops_ring, st_stairs_5

Skill      XL: |  1  2  3  4  5  6  7 |
---------------+----------------------+-----
Fighting       | 3 4 5 |  5.0
Ranged Weapons | 5 6 8 |  8.9
Dodging        | |  1.7
Stealth        | |  0.7

Action                     |  1- 3 |  4- 6 |  7- 9 || total
---------------------------+-------+-------+-------++-------
  Melee: Sling             |       |     2 |       ||     2
   Fire: Sling             |   120 |   362 |   290 ||   772
  Throw: Throwing net      |       |       |     1 ||     1
    Use: Potion            |       |     1 |     2 ||     3
         Scroll            |       |       |     3 ||     3
 Armour: Leather armour    |     6 |       |       ||     6
         Troll leather arm |       |    60 |    54 ||   114
  Dodge: Dodged            |       |    46 |    33 ||    79

Table legend: (Time is in decaauts)
 A = Elapsed time spent in this place.
 B = Non-inter-level travel time spent in this place.
 C = Inter-level travel time spent in this place.
 D = Time resting spent in this place.
 E = Time spent auto-exploring this place.
 F = Levels seen in this place.
 G = Mean time per level.
                   A        B        C        D        E       F      G
               +--------+--------+--------+--------+--------+-----+--------+
         Total |   3893 |   3644 |    249 |    171 |   2321 |   5 |  778.6 |
       Dungeon |   3893 |   3644 |    249 |    171 |   2321 |   5 |  778.6 |
               +--------+--------+--------+--------+--------+-----+--------+

Top non-repeatable levels by time:
     D:2: 1030 daAuts
     D:3: 957 daAuts
     D:4: 844 daAuts
     D:5: 580 daAuts
     D:1: 481 daAuts
